General information
- name: BNet
- type: Ladder 1vs1/FFA
- host: Battle.net
- saver: 7.28
map: MeltingValley
- players: 2
- length: 31:55
- speed: Fast
- version: 1.24 W3XP
- replay type: Public
» download(95 KB)
Players
team 1 (winner)
7.28 (
pink | 78 APM | 2482 actions | 31:55)
6 Goblin Tinker
2 Pocket Factory
3 Engineering Upgrade
1 Robo-Goblin
5 Tauren Chieftain
2 Shockwave
3 Endurance Aura
» actions
| Assign group hotkey | 113 | |
| Basic commands | 143 | |
| Build / train | 106 | |
| ESC pressed | 5 | |
| Enter build submenu | 49 | |
| Enter hero's abilities submenu | 11 | |
| Give item / drop item | 7 | |
| Right click | 971 | |
| Select / deselect | 536 | |
| Select group hotkey | 372 | |
| Use ability | 169 | |
2482 total
» units
| Peon | 17 | |
| Grunt | 5 | |
| Goblin Shredder | 1 | |
| Troll Headhunter/Berserker | 4 | |
| Troll Witch Doctor | 2 | |
| Raider | 3 | |
| Troll Batrider | 11 | |
| Spirit Walker | 1 | |
| Tauren | 2 | |
46 total
» upgrades
| Ranged Weapons | 4 | |
| Armor | 3 | |
| Berserker Strength | 1 | |
| Berserker Upgrade | 1 | |
| Envenomed Spears | 1 | |
| Liquid Fire | 1 | |
| Reinforced Defenses | 1 | |
| Witch Doctor Training | 2 | |
| Troll Regeneration | 1 | |
| Ensnare | 1 | |
| Spirit Walker Training | 2 | |
| Pulverize | 1 | |
| Pillage | 1 | |
| Shaman Training | 1 | |
21 total
» buildings
| Barracks | 1 | |
| Orc Burrow | 7 | |
| Altar of Storms | 1 | |
| Great Hall | 4 | |
| War Mill | 1 | |
| Voodoo Lounge | 1 | |
| Watch Tower | 33 | |
| Stronghold | 1 | |
| Fortress | 1 | |
| Beastiary | 3 | |
| Spirit Lodge | 1 | |
| Tauren Totem | 1 | |
55 total
» build order
00:05 Barracks
00:16 Orc Burrow
00:54 Altar of Storms
01:56 Orc Burrow
03:12 Orc Burrow
03:46 Great Hall
03:59 War Mill
04:06 Great Hall
04:17 Voodoo Lounge
05:24 Watch Tower
05:24 Watch Tower
05:28 Watch Tower
05:44 Watch Tower
05:46 Watch Tower
05:59 Watch Tower
06:23 Watch Tower
06:59 Stronghold
08:15 Watch Tower
08:46 Watch Tower
08:46 Watch Tower
08:47 Watch Tower
08:53 Watch Tower
10:06 Fortress
10:10 Orc Burrow
10:11 Orc Burrow
10:14 Beastiary
10:15 Beastiary
11:08 Orc Burrow
12:05 Orc Burrow
12:19 Spirit Lodge
16:48 Beastiary
21:31 Tauren Totem
22:26 Watch Tower
22:27 Watch Tower
22:27 Watch Tower
22:28 Watch Tower
22:29 Watch Tower
22:29 Watch Tower
23:33 Great Hall
27:34 Watch Tower
27:35 Watch Tower
29:02 Watch Tower
29:03 Watch Tower
29:06 Watch Tower
29:06 Watch Tower
29:10 Great Hall
29:13 Watch Tower
29:16 Watch Tower
29:17 Watch Tower
29:17 Watch Tower
29:17 Watch Tower
29:35 Watch Tower
29:58 Watch Tower
29:59 Watch Tower
30:48 Watch Tower
» items
| Scroll of Speed | 3 | |
| Healing Salve | 5 | |
| Lesser Clarity Potion | 2 | |
| Potion of Healing | 4 | |
| Boots of Speed | 1 | |
| Periapt of Vitality | 2 | |
| Staff of Teleportation | 1 | |
| Orb of Lightning | 1 | |
| Scroll of Town Portal | 1 | |
| Potion of Lesser Invulnerability | 2 | |
22 total
team 2 (loser)
fgha (
green | 38 APM | 1203 actions | 31:54)
5 Paladin
1 Holy Light
3 Devotion Aura
1 Divine Shield
4 Archmage
2 Summon Water Elemental
2 Brilliance Aura
» actions
| Build / train | 66 | |
| Enter build submenu | 24 | |
| Enter hero's abilities submenu | 9 | |
| Give item / drop item | 5 | |
| Right click | 672 | |
| Select / deselect | 337 | |
| Use ability | 90 | |
1203 total
» units
| Peasant | 8 | |
| Footman | 3 | |
| Rifleman | 5 | |
| Forest Troll Shadow Priest | 1 | |
| Priest | 3 | |
| Knight | 4 | |
| Gryphon Rider | 7 | |
31 total
» upgrades
| Lumber Harvesting | 2 | |
| Masonry | 3 | |
| Long Rifles | 1 | |
| Swords | 3 | |
| Priest Training | 2 | |
| Magic Sentry | 1 | |
| Armor | 2 | |
| Animal War Training | 1 | |
| Storm Hammers | 1 | |
16 total
» buildings
| Altar of Kings | 1 | |
| Farm | 10 | |
| Barracks | 1 | |
| Scout Tower | 5 | |
| Blacksmith | 1 | |
| Arcane Tower | 1 | |
| Keep | 1 | |
| Lumber Mill | 1 | |
| Guard Tower | 3 | |
| Arcane Sanctum | 1 | |
| Castle | 1 | |
| Gryphon Aviary | 1 | |
| Arcane Vault | 1 | |
| Town Hall | 1 | |
29 total
» build order
00:26 Altar of Kings
00:45 Farm
00:51 Barracks
01:21 Farm
01:30 Scout Tower
01:55 Blacksmith
02:10 Farm
02:12 Arcane Tower
03:21 Keep
03:26 Farm
04:20 Scout Tower
04:25 Lumber Mill
04:50 Scout Tower
05:22 Farm
06:05 Farm
06:06 Guard Tower
07:02 Arcane Sanctum
07:56 Castle
08:34 Scout Tower
09:07 Farm
09:09 Guard Tower
10:39 Farm
10:48 Gryphon Aviary
11:19 Farm
12:06 Scout Tower
13:14 Guard Tower
18:27 Arcane Vault
19:03 Farm
23:45 Town Hall
» items
| Scroll of Town Portal | 1 | |
| Orb of Fire | 1 | |
2 total
Chat log
(12:43 / All) 7.28: ok...youve played over 1600 games and )^you still dont know its 5 peasants per mine?
(12:47 / All) 7.28: damn